 Dungeon Crawl Stone Soup version 0.27-a0-1502-g47ed6a6988 (webtiles) character file.

Game seed: 3005780944562799500

90 wesbby the Poker (level 4, -1/41 HPs)
             Began as a Minotaur Berserker on July 8, 2021.
             Was a Believer of Trog.
             Slain by a hobgoblin (3 damage)
             ... led by Robin
             ... on level 3 of the Dungeon.
             The game lasted 00:02:17 (1383 turns).

wesbby the Poker (Minotaur Berserker)               Turns: 1383, Time: 00:02:18

Health: -1/41      AC: 12    Str: 22    XL:     4   Next: 32%
Magic:  3/3        EV:  7    Int:  4    God:    Trog [**....]
Gold:   103        SH:  0    Dex: 10    Spells: 3/3 levels left

rFire    . . .     SeeInvis .   a - +0 spear
rCold    . . .     Faith    .   (no shield)
rNeg     . . .     Spirit   .   i - +1 plate armour
rPois    .         Reflect  .   (helmet restricted)
rElec    .         Harm     .   (no cloak)
rCorr    +         Rampage  .   (no gloves)
Will     .....                  (no boots)
Stlth    ..........             (no amulet)
HPRegen  0.13/turn              c - ring of resist corrosion
MPRegen  0.08/turn              (no ring)

@: on berserk cooldown, flying, slowed, very slow
A: horns 2, retaliatory headbutt
a: Renounce Religion, Berserk, Trog's Hand


You were on level 3 of the Dungeon.
You worshipped Trog.
Trog was pleased with you.
You visited 1 branch of the dungeon, and saw 3 of its levels.

You collected 103 gold pieces.

Inventory:

Hand Weapons
 a - a +0 spear (weapon)
Armour
 b - a +0 animal skin
 i - a +1 plate armour (worn)
Jewellery
 c - a ring of resist corrosion (left hand)
Wands
 h - a wand of polymorph (10)
Scrolls
 d - a scroll of identify
 g - a scroll of immolation {unknown}
 k - a scroll of teleportation {unknown}
Potions
 e - a potion of flight
 f - a potion of mutation {unknown}
 j - a potion of haste {unknown}


   Skills:
 * Level 4.4 Fighting
 * Level 4.7 Polearms
 * Level 2.9 Armour
 + Level 2.9 Dodging
 + Level 0.6 Stealth


You had 3 spell levels left.
You didn't know any spells.
Your spell library was empty.

Dungeon Overview and Level Annotations

Branches:
Dungeon (3/15)

Altars:

Annotations:
D:3 Robin


Innate Abilities, Weirdness & Mutations

You have a pair of horns on your head.
You reflexively headbutt those who attack you in melee.


Message History

The goblin hits you but does no damage. The hobgoblin closely misses you.
Robin hits you from afar with a +0 spear.
The goblin hits you with a +0 dagger. x2
You are too injured to fight recklessly!
You are too injured to fight recklessly!
You are too injured to fight recklessly!
You are too injured to fight recklessly!
The hobgoblin no longer looks unusually strong.
The goblin no longer looks unusually strong. x2
Robin hits you with a +0 spear. The hobgoblin barely misses you.
Robin throws the goblin at you!
Things that are here:
a +0 club; a goblin corpse Unknown command.
Your plate armour prevents you from hitting Robin.
The goblin hits you but does no damage.
The hobgoblin hits you but does no damage.
Robin hits you but does no damage. The goblin hits you but does no damage.
You hit Robin.
Robin is lightly wounded.
The goblin hits you but does no damage. The hobgoblin closely misses you.
Robin roars a battlecry!
The goblins go into a battle-frenzy!
The goblin hits you but does no damage. The goblin hits you with a +0 dagger.
You closely miss Robin.
Robin is lightly wounded.
The hobgoblin barely misses you. Robin hits you with a +0 spear.
* * * LOW HITPOINT WARNING * * *
The goblin hits you with a +0 dagger.
* * * LOW HITPOINT WARNING * * *
The goblin hits you with a +0 dagger.
* * * LOW HITPOINT WARNING * * *
The hobgoblin hits you but does no damage.
Robin says, "Duck!"
Robin barely misses you. The goblin hits you but does no damage.
You feel very buoyant.
You fly up into the air.
The goblin hits you with a +0 dagger.
* * * LOW HITPOINT WARNING * * *
The hobgoblin hits you.
You die...

#..#.#..< ####.........#
#..#.#### .............#
#........ .............#
#........ ......!......#
#....##.. .............#
#........ ..<...[......#
#........ .......g.....#
#........
......)@.....#+##.......
......ggg.........######
.###...)..........#
#.....?........#
#########......#
.........+ ........:..#
............#
............#


You could see Robin, a hobgoblin (strong) and 2 goblins.

Vanquished Creatures
  Jessica (D:2)
  A worm (D:2)
  7 bats
  2 endoplasms (D:2)
  2 giant cockroaches
  11 goblins
  5 hobgoblins
  8 jackals (D:1)
  2 quokkas (D:1)
  7 ball pythons
  3 kobolds
  5 rats
54 creatures vanquished.

Vanquished Creatures (others)
  3 plants (D:3)
3 creatures vanquished.

Grand Total: 57 creatures vanquished

Notes
Turn   | Place    | Note
-------+----------+-------------------------------------------
     0 | D:1      | wesbby the Minotaur Berserker began the quest for the Orb.
     0 | D:1      | Reached XP level 1. HP: 19/19 MP: 0/0
     3 | D:1      | Noticed an electric eel
     4 | D:1      | Noticed an electric eel
    80 | D:1      | Reached XP level 2. HP: 25/27 MP: 1/1
   478 | D:1      | Reached ** piety under Trog
   486 | D:1      | Reached XP level 3. HP: 33/33 MP: 2/2
   827 | D:2      | Noticed Jessica
   832 | D:2      | Killed Jessica
   904 | D:2      | Reached XP level 4. HP: 34/41 MP: 3/3
  1054 | D:2      | Found a faded altar of an unknown god.
  1357 | D:3      | Noticed Robin
  1383 | D:3      | HP: 2/41 [goblin[Robin] (2)]
  1383 | D:3      | Slain by a hobgoblin

Illustrated notes

Levels and vault maps discovered:
D:1:      arrival_aquarium_b, layout_rooms
D:2:      layout_rooms, chequers_ecumenical_altar_grove, minivault_27,
          grunt_ministairs_5, uniq_jessica
D:3:      layout_basic, serial_bayou_ford_a, kennysheep_generic_room_13,
          uniq_robin

Skill      XL: |  1  2 |
---------------+-------+-----
Fighting       | 4 |  4.4
Polearms       | 4 |  4.7
Armour         | |  2.9
Dodging        | |  2.9
Stealth        | |  0.6

Action                   |  1- 3 |  4- 6 || total
-------------------------+-------+-------++-------
Melee: Spear             |    78 |    34 ||   112
       Headbutt          |     7 |     4 ||    11
Invok: Berserk           |     2 |     1 ||     3
  Use: Scroll            |     3 |       ||     3
       Potion            |     2 |     1 ||     3
 Stab: Sleeping          |     1 |       ||     1
Armor: Animal skin       |    13 |       ||    13
       Plate armour      |     9 |    47 ||    56
Dodge: Dodged            |    48 |    21 ||    69

Table legend: (Time is in decaauts)
 A = Elapsed time spent in this place.
 B = Non-inter-level travel time spent in this place.
 C = Inter-level travel time spent in this place.
 D = Time resting spent in this place.
 E = Time spent auto-exploring this place.
 F = Levels seen in this place.
 G = Mean time per level.
                   A        B        C        D        E       F      G
               +--------+--------+--------+--------+--------+-----+--------+
         Total |   1395 |   1347 |     48 |      5 |   1126 |   3 |  465.0 |
       Dungeon |   1395 |   1347 |     48 |      5 |   1126 |   3 |  465.0 |
               +--------+--------+--------+--------+--------+-----+--------+

Top non-repeatable levels by time:
     D:1: 718 daAuts
     D:2: 606 daAuts
     D:3: 70 daAuts
